 Seeded DCSS version 0.27.1-2-g3b301248ec (webtiles) character file.

Game seed: 14036611466628663890 (custom seed)

74 donath the Skirmisher (level 4, 0/46 HPs)
             Began as an Octopode Abyssal Knight on Sept 28, 2021.
             Was a Believer of Lugonu.
             Succumbed to an adder's poison
             ... on level 2 of the Dungeon.
             The game lasted 00:12:32 (1569 turns).

donath the Skirmisher (Octopode Abyssal Knight)     Turns: 1569, Time: 00:12:32

Health: 0/46       AC: 22    Str: 11    XL:     4   Next: 30%
Magic:  5/5        EV:  2    Int: 15    God:    Lugonu [**....]
Gold:   4          SH:  0    Dex: 11    Spells: 2/3 levels left

rFire    . . .     SeeInvis .   d - +2 whip (elec)
rCold    . . .     Faith    .   (no shield)
rNeg     + + +     Spirit   .   (helmet currently unavailable)
rPois    +         Reflect  .   (no amulet)
rElec    .         Harm     .   (no ring)
rCorr    .         Rampage  .   (no ring)
Will     .....     NoTele   +   (no ring)
Stlth    ++........             (no ring)
HPRegen  0.15/turn              (no ring)
MPRegen  0.09/turn              (no ring)
                                (no ring)
                                (no ring)

@: brilliant, lethally poisoned (0 -> -11), tree-form
A: stationary, stasis, torment immunity, boosted hp, almost no armour,
(amphibious), 8 rings, (camouflage 1), (gelatinous body 1), (nimble swimmer 1),
(tentacles)
a: Renounce Religion, Depart the Abyss, Bend Space


You were on level 2 of the Dungeon.
You worshipped Lugonu.
Lugonu was pleased with you.
You were a tree.
You visited 1 branch of the dungeon, and saw 2 of its levels.
You visited the Abyss 1 time.

You collected 28 gold pieces.
You spent 24 gold pieces at shops.

Inventory:

Hand Weapons
 a - a +1 spear
 d - a +2 whip of electrocution (weapon)
 j - a +2 dagger of speed
 n - a +0 hunting sling
Missiles
 f - 8 atropa-tipped darts
 h - 53 stones
 i - 4 poisoned darts (quivered)
Scrolls
 b - a scroll of magic mapping {unknown}
 e - a scroll of holy word {unknown}
 g - 2 scrolls of amnesia {unknown}
 l - a scroll of acquirement {unknown}
 m - a scroll of identify {unknown}
 o - a scroll of fog
Potions
 c - a potion of brilliance


   Skills:
 - Level 3.2 Fighting
 + Level 1.0 Maces & Flails
 - Level 2.1 Polearms
 + Level 1.5 Throwing
 - Level 3.0 Dodging
 + Level 2.6 Stealth
 - Level 2.0 Invocations


You had 2 spell levels left.
You knew the following spells:

 Your Spells              Type           Power      Damage    Failure   Level
a - Apportation           Tloc           0%         N/A       26%         1

Your spell library contained the following spells:

 Spells                   Type           Power      Damage    Failure   Level
 Static Discharge         Conj/Air       0%         N/A       38%         2
 Gell's Gravitas          Tloc           0%         N/A       63%         3
 Teleport Other           Tloc           0%         N/A       63%         3
 Lightning Bolt           Conj/Air       0%         1d11      100%        5
 Dispersal                Tloc           0%         N/A       100%        6
 Maxwell's Capacitive Co  Air            0%         ∞         100%        8


Dungeon Overview and Level Annotations

Branches:
Dungeon (2/15)

Altars:
Cheibriados

Shops:
D:2 ?(?


Innate Abilities, Weirdness & Mutations

You are a tree.
Your roots penetrate the ground, keeping you stationary.
You cannot be teleported.
You are immune to unholy pain and torment.
Your maximum health is greatly increased.
You cannot wear most types of armour.
((You are amphibious.))
You can wear up to eight rings at the same time.
((Your skin changes colour to match your surroundings (Stealth+).))
((Your rubbery body absorbs attacks. (AC +1, EV +1)))
((You are camouflaged near water. (Stealth+)))
((You have tentacles for arms and can constrict up to eight enemies at once.))


Message History

You whack the ball python!
Lightning courses through the ball python!
You kill the ball python!
Lugonu accepts your kill.
You hit the ball python. Your grab misses the ball python.
The ball python is heavily wounded.
The ball python bites you but does no damage.
The ball python grabs you. The ball python constricts you.
The ball python loses its grip on you.
You miss the adder. Your grab misses the adder. You barely miss the adder.
Your grab misses the adder. The adder barely misses you. The adder bites you.
You are poisoned.
The adder poisons you!
You closely miss the adder. Your grab misses the adder.
You feel sick. The adder barely misses you.
You closely miss the adder. You grab the adder. You constrict the adder.
You feel sick. The adder bites you. x2
You are more poisoned.
The adder poisons you!
Okay, then.
Okay, then.
You barely miss the adder.
The adder is lightly wounded.
You constrict the adder.
You feel very sick. The adder bites you.
* * * LOW HITPOINT WARNING * * *
You are more poisoned.
The adder poisons you!
It was a potion of brilliance.
You feel clever all of a sudden.
You constrict the adder.
* * * LOW HITPOINT WARNING * * *
You feel very sick. The adder bites you.
* * * LOW HITPOINT WARNING * * *
It was a potion of lignification.
You turn into a tree.
Your roots penetrate the ground.
You lose your grip on the adder.
You die...

.# #.# #.....#.# .#
#.######.#.#.#.# .#
#.#....†.......# .#
#.#.####.#.#.### .#
#..∩## #.....# .#
#....#####.#########
.# #
####................
.#
#P##########.########.
.## #P..S.#SS♣...#
..######.....#S######
......# #S.[...#
#.######S..##### #.#
## #.# #.# #.#
#.######


You could see an adder and 2 ball pythons.

Vanquished Creatures
  A gnoll (D:1)
  2 adders (D:2)
  A white imp (Abyss:1)
  2 ball pythons
  5 endoplasms
  A giant cockroach (D:1)
  7 goblins (D:1)
  5 jackals (D:1)
  2 quokkas
  3 bats
  4 frilled lizards (D:1)
  2 kobolds
  3 rats (D:1)
38 creatures vanquished.

Notes
Turn   | Place    | Note
-------+----------+-------------------------------------------
     0 | Abyss:1  | donath the Octopode Abyssal Knight began the quest for the
                  | Orb.
     0 | Abyss:1  | Reached XP level 1. HP: 16/16 MP: 2/2
   105 | Abyss:1  | Noticed a small abomination
   121 | Abyss:1  | Reached XP level 2. HP: 21/21 MP: 3/3
   137 | Abyss:2  | Noticed a thrashing horror
   160 | Abyss:2  | Noticed a small abomination
   161 | Abyss:2  | Noticed a raiju
   161 | Abyss:2  | Noticed a raiju
   179 | Abyss:2  | Noticed an efreet
   184 | D:1      | Escaped the Abyss
   306 | D:1      | Reached skill level 1 in Stealth
   346 | D:1      | Found a faded altar of an unknown god.
   353 | D:1      | Got Plato's Volume of Displacement
   360 | D:1      | Learned a level 1 spell: Apportation
   382 | D:1      | Reached XP level 3. HP: 23/26 MP: 4/4
   680 | D:1      | Reached ** piety under Lugonu
   681 | D:1      | Reached skill level 1 in Throwing
  1131 | D:2      | Reached XP level 4. HP: 22/31 MP: 5/5
  1247 | D:2      | Found a snail-covered altar of Cheibriados.
  1261 | D:2      | Found Suuttis's Magic Scroll Shoppe.
  1328 | D:2      | Noticed a necrophage
  1485 | D:2      | Found Recukecasm's Magic Scroll Boutique.
  1492 | D:2      | Bought a scroll of fog for 24 gold pieces
  1505 | D:2      | Found Kistea's Weapon Shop.
  1523 | D:2      | Reached skill level 1 in Maces & Flails
  1569 | D:2      | Succumbed to an adder's poison

Illustrated notes

Levels and vault maps discovered:
D:1:      elethiomel_arrival_infinity_welcomes_careful_drivers, layout_rooms,
          shapermc_ecumenical_altar_rom_forum, minmay_stone_trees_medium,
          minmay_misc_feat_five
D:2:      layout_loops_ring, basic_altar, serial_shops, shop, shop, shop, shop,
          shop, minmay_shallow_snake_nest

Skill      XL: |  1  2  3  4 |
---------------+-------------+-----
Stealth        | 1 2 |  2.6
Dodging        | 3 |  3.0
Throwing       | 1 |  1.5
Maces & Flails | 1 |  1.0
Fighting       | |  3.2
Polearms       | |  2.1
Invocations    | |  2.0

Action                   |  1- 3 |  4- 6 || total
-------------------------+-------+-------++-------
Melee: Spear             |    31 |       ||    31
       Constrict         |    10 |     3 ||    13
       Tentacles         |    13 |     1 ||    14
       Whip              |    26 |    18 ||    44
Throw: Dart              |     7 |       ||     7
  Use: Potion            |       |     2 ||     2
 Stab: Sleeping          |    10 |     2 ||    12
Armor: Skin              |     3 |     3 ||     6
Dodge: Dodged            |    19 |    14 ||    33
